 Dungeon Crawl Stone Soup version 0.29.1-4-g47bece8355 (webtiles) character file.

Game seed: 5926568039684911265

152 CaptainMV the Stinger (level 5, -4/39 HPs)
             Began as a Draconian Venom Mage on Dec 8, 2022.
             Slain by a goblin
             ... wielding a +0 dagger
             ... led by Robin
              (5 damage)
             ... on level 4 of the Dungeon on Dec 9, 2022.
             The game lasted 00:23:44 (3378 turns).

CaptainMV the Stinger (Draconian Venom Mage)        Turns: 3378, Time: 00:23:45

Health: -4/39      AC:  6    Str: 11    XL:     5   Next: 11%
Magic:  9/9        EV: 12    Int: 17    God:
Gold:   124        SH:  0    Dex: 11    Spells: 4/9 levels left

rFire   . . .      SeeInvis .   d - +0 dagger
rCold   . . .      Faith    .   (no shield)
rNeg    . . .      Spirit   .   (body armour unavailable)
rPois   .          Reflect  .   (helmet restricted)
rElec   .          Harm     .   (no cloak)
rCorr   .          Rampage  .   q - +0 pair of gloves
Will    .....                   (no boots)
Stlth   ++........              (no amulet)
HPRegen 0.13/turn               (no ring)
MPRegen 0.11/turn               (no ring)

@: very slightly contaminated
A: AC +5, unfitting armour, cold-blooded
a: no special abilities


You were on level 4 of the Dungeon.
You visited 1 branch of the dungeon, and saw 4 of its levels.

You collected 124 gold pieces.

Inventory:

Hand Weapons
 d - a +0 dagger (weapon)
Armour
 q - a +0 pair of gloves (worn)
Jewellery
 b - a ring of positive energy
Scrolls
 c - a scroll of enchant weapon {unknown}
 e - a scroll of magic mapping
 i - a scroll of poison
 l - 2 scrolls of teleportation {unknown}
 m - a scroll of immolation {unknown}
 r - a scroll of acquirement {unknown}
Potions
 f - 2 potions of lignification {unknown}
 g - a potion of invisibility {unknown}
 h - 2 potions of haste {unknown}
 j - 2 potions of mutation {unknown}
 n - 3 potions of heal wounds {unknown}
 p - a potion of degeneration {unknown}


   Skills:
 + Level 0.6 Fighting
 + Level 1.0 Short Blades
 + Level 2.7 Dodging
 + Level 2.2 Stealth
 + Level 0.1 Unarmed Combat
 + Level 2.8 Spellcasting
 + Level 1.6 Transmutations
 + Level 4.0 Poison Magic


You had 4 spell levels left.
You knew the following spells:

 Your Spells              Type           Power      Damage    Failure   Level
a - Sting                 Tmut/Pois      44%        1d5       5%          1
b - Olgreb's Toxic Radia  Pois           15%        N/A       34%         4

Your spell library contained the following spells:

 Spells                   Type           Power      Damage    Failure   Level
 Beastly Appendage        Tmut           14%        N/A       9%          1
 Poisonous Vapours        Pois/Air       18%        N/A       12%         2
 Wereblood                Tmut           7%         N/A       14%         2
 Spider Form              Tmut/Pois      11%        N/A       17%         3
 Apportation              Tloc           4%         N/A       19%         1
 Necrotise                Necr           8%         1d4       19%         1
 Summon Small Mammal      Summ           8%         N/A       19%         1
 Mephitic Cloud           Conj/Pois/Air  6%         N/A       30%         3
 Tukima's Dance           Hex            2%         N/A       47%         3
 Passage of Golubria      Tloc           2%         N/A       87%         4
 Yara's Violent Unravell  Hex/Tmut       2%         3d3       98%         5


Dungeon Overview and Level Annotations

Branches:
Dungeon (4/15)             Temple (0/1) D:4

Altars:
Cheibriados
Dithmenos
Uskayaw
Zin
The Shining One

Shops:
D:2 !

Annotations:
D:4 Robin


Innate Abilities, Weirdness & Mutations

Your plain brown scales are hard. (AC +5)
You cannot fit into any form of body armour.
You are cold-blooded and may be slowed by cold attacks.


Message History

You hit the endoplasm.
The endoplasm is severely wounded.
The endoplasm freezes you.
You are frozen.
You feel yourself slow down.
You hit the endoplasm.
You kill the endoplasm!
Casting: Sting (safe; 5% risk of failure)
Confirm with . or Enter, or press ? or * to list all spells.
The spell is extremely dangerous to miscast (34% risk of failure)!
Continue anyway?
You miscast Olgreb's Toxic Radiance.
You are very lightly contaminated with residual magic.
You feel incredibly sick!
You are poisoned.
* * * LOW HITPOINT WARNING * * *
x2 You feel sick.
The phantom completely misses you.
You feel better.
You feel yourself speed up. The goblin hits you with a +0 club.
* * * LOW HITPOINT WARNING * * *
The phantom hits you.
* * * LOW HITPOINT WARNING * * *
Robin throws the goblin at you!
* * * LOW HITPOINT WARNING * * *
The goblin misses you.
Robin roars a battlecry!
The goblins go into a battle-frenzy!
The goblin misses you. The phantom hits you.
* * * LOW HITPOINT WARNING * * *
The goblin hits you but does no damage. Magic courses through your body.
The goblin hits you but does no damage. The phantom barely misses you.
The goblin misses you. The black bear bites you.
* * * LOW HITPOINT WARNING * * *
The black bear barely misses you.
The black bear claws you but does no damage.
The air fills with toxic fumes!
As you read the scroll labelled COEKHO NORREJ, it crumbles to dust.
It was a scroll of poison.
The phantom hits you.
* * * LOW HITPOINT WARNING * * *
The goblin hits you with a +0 dagger.
You die...

##.h..####..
##.§....§§§###§§§§§§§§§
##.....§§§##§§§§§§§§§§
##....§§§§#§§§§§§§§§§
#....§§§§§§§§§§§§§§§
##....§g§§§§§§§§§§§§§
####8.8#.§§§§§g§§§§§§§§§
.).8...8.§§§§§§W§§§§§§§§
...8.>.8.§§§§§gg@§§§§§§§
...8...8.§§§§§§hg§§§§§§§
...#888#.§§§§§§§§§§§§§§§
.........§§§§§§§§§§§§§§§
.h.......§§§§§§§§§§§§§§§
..g......§§§§§§§§§§§§§§§
.........§§§§§§§§§§§§§§§
.........§§§§§§§§§§§§§§§
<......................


You could see a black bear, a phantom, Robin and 4 goblins.

Vanquished Creatures
  An orc priest (D:3)
  Terence (D:3)
  3 adders (D:2)
  A worm (D:2)
  A dart slug (D:1)
  3 orcs (D:3)
  5 ball pythons
  4 endoplasms
  3 giant cockroaches
  11 goblins
  5 hobgoblins
  6 kobolds
  3 quokkas (D:2)
  2 bats (D:3)
  5 frilled lizards
  8 rats
62 creatures vanquished.

Notes
Turn   | Place    | Note
-------+----------+-------------------------------------------
     0 | D:1      | CaptainMV the Draconian Venom Mage began the quest for the
                  | Orb.
     0 | D:1      | Reached XP level 1. HP: 14/14 MP: 3/3
   876 | D:1      | Found a faded altar of an unknown god.
   892 | D:1      | Reached XP level 2. HP: 20/20 MP: 3/5
  1402 | D:2      | Found Mynenoph's Distillery.
  1492 | D:2      | Reached XP level 3. HP: 26/26 MP: 3/6
  2048 | D:2      | Reached XP level 4. HP: 6/33 MP: 5/7
  2290 | D:2      | Learned a level 4 spell: Olgreb's Toxic Radiance
  2387 | D:3      | Found a shadowy altar of Dithmenos.
  2402 | D:3      | Found a hide-covered altar of Uskayaw.
  2412 | D:3      | Found a snail-covered altar of Cheibriados.
  2422 | D:3      | Found a glowing silver altar of Zin.
  2456 | D:3      | Noticed Terence
  2469 | D:3      | Killed Terence
  2636 | D:3      | Reached skill level 1 in Short Blades
  2636 | D:3      | Reached XP level 5. HP: 13/39 MP: 5/9
  2769 | D:3      | Reached skill level 4 in Poison Magic
  2937 | D:3      | Found a glowing golden altar of the Shining One.
  3318 | D:4      | Noticed a phantom
  3319 | D:4      | Found a staircase to the Ecumenical Temple.
  3328 | D:4      | Noticed a black bear
  3334 | D:4      | Noticed Robin
  3378 | D:4      | HP: 1/39 [phantom (5)]
  3378 | D:4      | Slain by a goblin

Illustrated notes

Levels and vault maps discovered:
D:1:      tarquinn_simple_flora_water_e, layout_basic,
          dreamdust_ecumenical_altar_angels_and_demons,
          minmay_stone_trees_small, minmay_misc_feat_doors
D:2:      layout_rooms, serial_shops, nicolae_shop_crystal
D:3:      layout_basic, nicolae_overflow_quartered_altars,
          overflow_temple_1_default, uniq_terence
D:4:      layout_layer_cave, kennysheep_mini_moat,
          mainiacjoe_overflow_concentric_impassable,
          mainiacjoe_overflow_alcove_1, minmay_temple_entry_statues,
          ebering_ghost_disaster_area, small_statue_intersection, uniq_edmund,
          uniq_sigmund, uniq_robin

Skill      XL: |  1  2  3  4  5 |
---------------+----------------+-----
Dodging        | 2 |  2.7
Stealth        | 2 |  2.2
Short Blades   | 1 |  1.0
Poison Magic   | 4 |  4.0
Fighting       | |  0.6
Unarmed Combat | |  0.1
Spellcasting   | |  2.8
Transmutations | |  1.6

Action                   |  1- 3 |  4- 6 || total
-------------------------+-------+-------++-------
Melee: Unarmed           |    15 |       ||    15
       Dagger            |   152 |    93 ||   245
       Tailslap          |    13 |    10 ||    23
       Punch             |     3 |       ||     3
 Cast: Sting             |    21 |    10 ||    31
       Olgreb's Toxic Ra |       |     3 ||     3
  Use: Scroll            |       |     5 ||     5
       Potion            |       |     5 ||     5
 Stab: Sleeping          |     2 |     2 ||     4
Armor: Skin              |    57 |    37 ||    94
Dodge: Dodged            |   111 |    69 ||   180
